 Dungeon Crawl Stone Soup version 0.29-a0-214-g17f627cfee (webtiles) character file.

Game seed: 3762695035953387987

2382 ReploidZero the Shield-Bearer (level 9, -2/48 HPs)
             Began as a Vine Stalker Fighter on Feb 24, 2022.
             Was a Follower of Yredelemnul.
             Killed from afar by a steam dragon (14 damage)
             ... with a ball of steam
             ... on level 6 of the Dungeon.
             The game lasted 00:18:35 (6078 turns).

ReploidZero the Shield-Bearer (VSFi)                Turns: 6078, Time: 00:18:36

Health: -2/48      AC: 12    Str: 22    XL:     9   Next: 45%
Magic:  0/10       EV:  9    Int:  8    God:    Yredelemnul [*.....]
Gold:   264        SH:  6    Dex: 15    Spells: 8/8 levels left

rFire   . . .      SeeInvis .   f - +5 flail
rCold   + . .      Faith    .   c - +0 buckler
rNeg    . . .      Spirit   +   l - +1 scale mail {rC+}
rPois   .          Reflect  .   (no helmet)
rElec   .          Harm     .   (no cloak)
rCorr   .          Rampage  .   (no gloves)
Will    +....                   (no boots)
Stlth   ..........              (no amulet)
HPRegen 0.96/turn               d - +4 ring of protection
MPRegen 0.12/turn               (no ring)

@: no status effects
A: fangs 3, regeneration 1, magic shield, antimagic bite, no potion heal 2
a: Renounce Religion, Recall Undead Harvest


You were on level 6 of the Dungeon.
You worshipped Yredelemnul.
Yredelemnul was noncommittal.
You visited 2 branches of the dungeon, and saw 7 of its levels.

You collected 264 gold pieces.

Inventory:

Hand Weapons
 f - a +5 flail (weapon)
Missiles
 j - 4 curare-tipped darts (quivered)
Armour
 c - a +0 buckler (worn)
 l - a +1 scale mail of cold resistance (worn)
Jewellery
 d - a +4 ring of protection (left hand)
 m - a ring of flight
Wands
 b - a wand of acid (2)
 q - a wand of iceblast (6)
Scrolls
 k - 2 scrolls of amnesia
 n - a scroll of identify
 o - a scroll of teleportation
Potions
 a - a potion of mutation {unknown}
 e - a potion of heal wounds
 g - 5 potions of curing
 h - a potion of cancellation
 i - a potion of invisibility
 p - a potion of magic


   Skills:
 + Level 6.2 Fighting
 + Level 5.9 Maces & Flails
 + Level 5.7 Armour
 + Level 6.3 Shields


You had 8 spell levels left.
You didn't know any spells.
Your spell library contained the following spells:

 Spells                   Type           Power      Damage    Failure   Level
 Animate Skeleton         Necr           0%         N/A       80%         1
 Apportation              Tloc           0%         N/A       80%         1
 Summon Small Mammal      Summ           0%         N/A       80%         1
 Call Canine Familiar     Summ           0%         N/A       99%         3
 Summon Guardian Golem    Hex/Summ       0%         N/A       99%         3


Dungeon Overview and Level Annotations

Branches:
Dungeon (6/15)             Temple (1/1) D:5

Altars:
Ashenzari
Cheibriados
Dithmenos
Elyvilon
Fedhas
Gozag
Hepliaklqana
Kikubaaqudgha
Makhleb
Nemelex Xobeh
Okawaru
Ru
Sif Muna
Trog
Uskayaw
Vehumet
Wu Jian
Xom
Yredelemnul
Zin


Innate Abilities, Weirdness & Mutations

You have razor-sharp teeth.
Your natural rate of healing is unusually fast.
When hurt, damage is shared between your health and your magic reserves.
Your bite disrupts and absorbs the magic of your enemies.
Potions cannot restore your health.


Message History

Your steam dragon zombie is engulfed in a cloud of scalding steam.
The hound closely misses you.
You swap places.
The steam dragon bites your iguana zombie!
The steam dragon claws your iguana zombie.
The hound bites your ogre zombie.
Your ogre zombie is engulfed in a cloud of scalding steam.
Your ogre zombie hits the hound.
Your orc zombie hits the hound but does no damage.
Your steam dragon zombie is engulfed in a cloud of scalding steam.
Your orc zombie completely misses the hound.
The hound bites your ogre zombie.
The steam dragon bites your iguana zombie!
The steam dragon claws your iguana zombie.
Your iguana zombie is destroyed!
Your orc zombie hits the hound but does no damage.
Your steam dragon zombie is engulfed in a cloud of scalding steam.
The hound bites your ogre zombie.
Your ogre zombie hits the hound.
You can no longer trade souls for undead servants.
Unknown command.
Something bites your steam dragon zombie.
Something claws your steam dragon zombie.
Your steam dragon zombie is destroyed!
Your orc zombie hits the hound but does no damage.
The hound bites your ogre zombie.
Your orc zombie misses the hound.
Unknown command.
The hound bites your ogre zombie.
Something hits the hound.
Your ogre zombie hits the hound.
The hound dies!
A black mist starts to gather...
Aiming: Corrosive Bolt
Press: ? - help, Shift-Dir - straight line, f - steam dragon
Aim: a steam dragon (ally target, 71% to hit)
Really fire in your ogre zombie's direction?
Okay, then.
Unknown command.
The steam dragon breathes steam at you. The ball of steam hits you!
You die...
Your body rises from the dead as a mindless zombie.

# ###...### #.#.........)) #
#...# #......###.).) #
#...########......####### #
#........##.............. #
######...####.##....#..#......
####.............##...ZZ..#Z.Z...
.....<............>.Z..#..ZZ.....
####......>......##.#..#..#Z.....
# ######...####@##.......#......
# #.Z.D.ยงยง.##.............. ##
#ZZZ##########.########## .#
#...# #.......# # ## #...#
#.#####.# ## # ##.## #.#####.# #.
#.# #ZZZZ##.# ## ..# #Z##.##.# #
.). #.......####


There were no monsters in sight!

Vanquished Creatures
  A troll (D:6)
  A steam dragon (D:6)
  2 water moccasins (D:6)
  3 necrophages
  3 ogres
  A centaur (D:6)
  2 phantoms
  3 scorpions
  5 wights (D:6)
  A vampire bat (D:5)
  A centaur zombie (D:6)
  2 hounds (D:5)
  A bullfrog skeleton (D:5)
  An orc priest (D:6)
  2 iguanas
  Ijyb (D:4)
  A killer bee zombie (D:6)
  A hound skeleton (D:4)
  10 gnolls
  A howler monkey skeleton (D:5)
  6 adders
  2 shadow imps
  A white imp (D:6)
  2 worms
  5 dart slugs
  3 fire bats (D:5)
  12 orcs
  2 spectral bats (D:5)
  3 bat skeletons (D:5)
  A bat zombie (D:5)
  10 endoplasms
  4 giant cockroaches
  4 goblins
  8 hobgoblins
  5 jackals
  2 kobolds
  5 quokkas
  8 ball pythons
  11 bats
  A bat simulacrum (D:5)
  A frilled lizard (D:2)
  5 rats
144 creatures vanquished.

Vanquished Creatures (collateral kills)
  A hound (D:6)
  An iguana (D:6)
2 creatures vanquished.

Vanquished Creatures (others)
  A water moccasin zombie (D:6)
  A scorpion zombie (D:6)
  A steam dragon zombie (D:6)
  An iguana zombie (D:6)
  2 orc zombies (D:6)
6 creatures vanquished.

Grand Total: 152 creatures vanquished

Notes
Turn   | Place    | Note
-------+----------+-------------------------------------------
     0 | D:1      | ReploidZero the Vine Stalker Fighter began the quest for
                  | the Orb.
     0 | D:1      | Reached XP level 1. HP: 11/11 MP: 2/2
   312 | D:1      | Reached XP level 2. HP: 12/16 MP: 1/3
   417 | D:1      | Found a faded altar of an unknown god.
  1020 | D:1      | Reached XP level 3. HP: 20/20 MP: 2/4
  1758 | D:2      | Gained mutation: Your natural rate of healing is unusually
                  | fast. [Vine Stalker growth]
  1758 | D:2      | Reached XP level 4. HP: 20/24 MP: 5/5
  3162 | D:3      | Reached XP level 5. HP: 28/28 MP: 6/6
  3520 | D:4      | Noticed a necrophage
  3546 | D:3      | Killed a necrophage
  3547 | D:3      | Reached XP level 6. HP: 26/33 MP: 7/7
  3554 | D:4      | HP: 1/33 [gnoll/+4 flail (3)]
  3820 | D:4      | Found a shimmering altar of Xom.
  3820 | D:4      | Found a radiant altar of Vehumet.
  3926 | D:4      | Noticed Ijyb
  3930 | D:4      | Killed Ijyb
  3955 | D:4      | Noticed a necrophage
  3964 | D:4      | Killed a necrophage
  3985 | D:4      | Noticed a necrophage
  4006 | D:4      | Reached XP level 7. HP: 36/37 MP: 6/8
  4310 | D:5      | Entered Level 5 of the Dungeon
  4506 | D:5      | Gained mutation: You have razor-sharp teeth. [Vine Stalker
                  | growth]
  4506 | D:5      | Reached XP level 8. HP: 39/42 MP: 7/9
  4587 | D:5      | Reached skill level 5 in Shields
  4590 | D:5      | Reached skill level 5 in Fighting
  5154 | D:5      | Found a staircase to the Ecumenical Temple.
  5165 | Temple   | Entered the Ecumenical Temple
  5357 | Temple   | Became a worshipper of Yredelemnul the Dark
  5553 | D:6      | Reached skill level 5 in Maces & Flails
  5565 | D:6      | Reached skill level 5 in Armour
  5691 | D:6      | Reached XP level 9. HP: 47/48 MP: 8/10
  5867 | D:6      | Reached * piety under Yredelemnul
  5966 | D:6      | Reached ** piety under Yredelemnul
  6058 | D:6      | Noticed a troll
  6071 | D:6      | Killed a troll
  6078 | D:6      | Killed from afar by a steam dragon

Illustrated notes

Levels and vault maps discovered:
D:1:      psy_arrival_conway, layout_basic,
          shapermc_ecumenical_altar_totnotflames, chequers_jeans
D:2:      layout_loops_corners, chequers_serial_rivers_small_3,
          roderic_filled_cross, kennysheep_generic_room_9
D:3:      layout_loops_corners, roderic_lattice_a
D:4:      layout_loops_ring, gammafunk_temple_overflow_pools, minmay_checkerbox,
          uniq_ijyb
D:5:      layout_basic, minmay_temple_entry_nine_rooms, chequers_mini_garden,
          grunt_ministairs_1, abandoned_shop, minmay_misc_feat_plants,
          goddamned_bats
D:6:      kennysheep_kobold_camp, layout_loops_cross, nicolae_lava_and_water
Temple:   mainiacjoe_temple_coin_purse

Skill      XL: |  1  2  3  4  5  6  7  8  9 |
---------------+----------------------------+-----
Maces & Flails | 2 3 4 5 |  5.9
Fighting       | 3 4 5 6 |  6.2
Shields        | 3 4 5 6 |  6.3
Armour         | 3 4 5 |  5.7

Action                   |  1- 3 |  4- 6 |  7- 9 || total
-------------------------+-------+-------+-------++-------
Melee: Flail             |    88 |   147 |   187 ||   422
       Bite              |    18 |    28 |    50 ||    96
Throw: Dart              |       |     1 |       ||     1
Invok: Recall Undead Har |       |       |     1 ||     1
Evoke: Wand              |       |       |     1 ||     1
  Use: Scroll            |     4 |     1 |     5 ||    10
       Potion            |       |     2 |     1 ||     3
 Stab: Distracted        |       |       |     1 ||     1
Armor: Scale mail        |    35 |    45 |   109 ||   189
Dodge: Dodged            |    38 |    67 |   121 ||   226
Block: Buckler           |    28 |    40 |    59 ||   127

Table legend: (Time is in decaauts)
 A = Elapsed time spent in this place.
 B = Non-inter-level travel time spent in this place.
 C = Inter-level travel time spent in this place.
 D = Time resting spent in this place.
 E = Time spent auto-exploring this place.
 F = Levels seen in this place.
 G = Mean time per level.
                   A        B        C        D        E       F      G
               +--------+--------+--------+--------+--------+-----+--------+
         Total |   6200 |   6006 |    194 |      0 |   4822 |   7 |  885.7 |
       Dungeon |   5998 |   5812 |    186 |      0 |   4742 |   6 |  999.7 |
        Temple |    201 |    193 |      8 |      0 |     80 |   1 |  201.0 |
               +--------+--------+--------+--------+--------+-----+--------+

Top non-repeatable levels by time:
     D:2: 1400 daAuts
     D:1: 1162 daAuts
     D:3: 1029 daAuts
     D:5: 966 daAuts
     D:4: 807 daAuts
     D:6: 633 daAuts
  Temple: 201 daAuts
